 Dungeon Sprint DCSS version 0.28.0 (webtiles) character file.

Game seed: 11072631054948056863

5033 boopmooplesden the Severer (level 10, -3/97 HPs)
             Began as a Minotaur Fighter on Feb 17, 2022.
             Was a High Priest of Okawaru.
             Slain by Agnes (13 damage)
             ... in the Dungeon (Sprint IV: "Fedhas' Mad Dash").
             The game lasted 00:06:02 (2989 turns).

boopmooplesden the Severer (Minotaur Fighter)       Turns: 2989, Time: 00:06:02

Health: -3/97      AC: 21    Str: 24    XL:     10   Next: 30%
Magic:  0/11       EV: 12    Int:  5    God:    Okawaru [*****.]
Gold:   229        SH:  7    Dex: 11    Spells: 9/9 levels left

rFire   . . .      SeeInvis .   a - +0 war axe
rCold   . . .      Faith    .   c - +0 buckler
rNeg    . . .      Spirit   .   g - +3 chain mail {rPois}
rPois   +          Reflect  .   (helmet restricted)
rElec   .          Harm     .   (no cloak)
rCorr   .          Rampage  .   k - +2 pair of gloves {infuse}
Will    .....      NoTele   +   (no boots)
Stlth   +.........              d - amulet of invisibility {+Inv}
HPRegen 0.26/turn               (no ring)
MPRegen 0.12/turn               (no ring)

@: heroic, very slightly contaminated, invisible
A: horns 2, retaliatory headbutt
a: Renounce Religion, Evoke Invisibility, Heroism, Finesse


You were in the Dungeon.
You worshipped Okawaru.
Okawaru was extremely pleased with you.
You visited 1 branch You collected 229 gold pieces.

Inventory:

Hand Weapons
 a - a +0 war axe (weapon)
Missiles
 j - 4 boomerangs (quivered)
Armour
 b - a +0 scale mail
 c - a +0 buckler (worn)
 g - a +3 chain mail of poison resistance (worn)
 k - a +2 pair of gloves of infusion (worn)
Jewellery
 d - the amulet of invisibility (around neck) {+Inv}
   (You found it in the Dungeon)

   [amulet of nothing]

   +Inv:      It lets you turn invisible.
Scrolls
 f - a scroll of amnesia {unknown}
Potions
 e - 3 potions of curing
 h - 2 potions of magic
 i - a potion of berserk rage
Miscellaneous
 l - a box of beasts


   Skills:
 + Level 12.2(17.2) Fighting
 + Level 16.2(21.2) Axes
 + Level 13.1(18.1) Armour
 + Level 4.1(9.1) Dodging
 + Level 5.9(10.9) Stealth
 + Level 10.6(15.6) Shields
 + Level 2.9 Invocations
 + Level 8.5 Evocations


You had 9 spell levels left.
You didn't know any spells.
Your spell library contained the following spells:

 Spells                   Type           Power      Damage    Failure   Level
 Beastly Appendage        Tmut           0%         N/A       91%         1
 Foxfire                  Conj/Fire      0%         2x1d4     91%         1
 Wereblood                Tmut           0%         N/A       97%         2
 Conjure Flame            Conj/Fire      0%         6-21      100%        3
 Inner Flame              Hex/Fire       0%         N/A       100%        3
 Spider Form              Tmut/Pois      0%         N/A       100%        3
 Flame Wave               Conj/Fire      0%         2d4       100%        4
 Orb of Destruction       Conj           0%         9d5       100%        7
 Summon Guardian Golem    Hex/Summ       Unusable   N/A       N/A         3
 Spellforged Servitor     Conj/Summ      Unusable   N/A       N/A         7

Dungeon Overview and Level Annotations

Branches:
Dungeon (1/1)

Altars:
Cheibriados
Dithmenos
Elyvilon
Gozag
Hepliaklqana
Kikubaaqudgha
Makhleb
Nemelex Xobeh
Okawaru
Qazlal
Ru
Sif Muna
Trog
Uskayaw
Vehumet
Wu Jian
Xom
Yredelemnul
Zin
The Shining One
Beogh
Jiyva
Lugonu

Shops:
D =[?([**

Annotations:
D Agnes


Innate Abilities, Weirdness & Mutations

You have a pair of horns on your head.
You reflexively headbutt those who attack you in melee.


Message History

Things that are here:
a +0 dagger; a +0 robe; a spriggan skeleton
Items here: )) [[.
There is an open door here.
You fail to use your ability.
You fail to use your ability.
You fade into invisibility!
You are very lightly contaminated with residual magic.
You gain the combat prowess of a mighty hero.
You open the door.
Agnes the Wanderer comes into view.
She is wielding a +3 spectral lajatang.
Agnes shouts!
There is an open door here.
A spriggan berserker comes into view. It is wielding a +0 antimagic rapier.
Found Coira's Magic Scroll Emporium.
The spriggan berserker shouts!
Agnes hits you with a +3 spectral lajatang!
Agnes says, "I despise a dishonourable opponent."
Agnes hits you with a +3 spectral lajatang!
You completely miss Agnes. You headbutt Agnes!
Agnes is lightly wounded.
Agnes hits you with a +3 spectral lajatang!
You slash Agnes! Your headbutt misses Agnes.
Agnes is moderately wounded.
You block Agnes's attack. x2
You hit Agnes. You headbutt Agnes.
Agnes is moderately wounded.
You hit the spriggan berserker.
You block the spriggan berserker's attack.
Agnes hits you with a +3 spectral lajatang!!
You slice Agnes!!
Agnes is severely wounded.
You hit the spriggan berserker.
Agnes hits you with a +3 spectral lajatang!!
* * * LOW HITPOINT WARNING * * *
The spriggan berserker hits you with a +0 antimagic rapier!
* * * LOW HITPOINT WARNING * * *
You feel your power leaking away.
Agnes hits you with a +3 spectral lajatang!
You die...

#.⌠._._._._.⌠.#.))...#....##∩##.#
'.._._._._._..'..#...#....'[.##'#
#..._._._._...#..###'##..[##∩#..#
#.._._._._._..#..##∩∩.'...#####..
#._._._._._.⌠.#################..
###################....(.###.....
#♣♣♣♣♣..♣.###.'..'......)))'...♣.
......♣..♣##..#..#.......########
♣..♣♣♣.♣).###.##@##.P....#
.♣♣.(♣...♣'...#♣i♣######## #
############i....# ..♣..♣....#
...♣.... .♣.. ..... ♣.... ∩. ####
###### ##


You could see Agnes and a spriggan berserker.

Vanquished Creatures
  A spriggan druid (D)
  6 oklob plants (D)
  A demonic crawler (D)
  3 burning bushes (D)
  A queen bee (D)
  A hornet (D)
  2 wandering mushrooms (D)
  3 scorpions (D)
  4 killer bees (D)
  5 oklob saplings (D)
  5 spriggans (D)
  A river rat (D)
  A rat (D)
34 creatures vanquished.

Vanquished Creatures (others)
  A wandering mushroom (D)
  A ballistomycete spore (D)
  A fungus (D)
3 creatures vanquished.

Grand Total: 37 creatures vanquished

Notes
Turn   | Place    | Note
-------+----------+-------------------------------------------
     0 | D        | boopmooplesden the Minotaur Fighter began the quest for the
                  | Orb.
     0 | D        | Reached XP level 1. HP: 19/19 MP: 0/0
     8 | D        | Reached XP level 2. HP: 28/28 MP: 1/1
    14 | D        | Noticed a scorpion
    14 | D        | Found the amulet of invisibility {+Inv}
    16 | D        | Killed a scorpion
    17 | D        | Reached skill level 3 in Axes
    17 | D        | Reached XP level 3. HP: 37/37 MP: 2/2
    35 | D        | Noticed an oklob sapling
    37 | D        | Killed an oklob sapling
    38 | D        | Reached XP level 4. HP: 45/45 MP: 0/3
    44 | D        | Found an opulent altar of Gozag.
    44 | D        | Found a hazy altar of Hepliaklqana.
    44 | D        | Found a burning altar of Makhleb.
    44 | D        | Found a sparkling altar of Nemelex Xobeh.
    44 | D        | Found a snail-covered altar of Cheibriados.
    44 | D        | Found a sacrificial altar of Ru.
    44 | D        | Found a shimmering blue altar of Sif Muna.
    44 | D        | Found a shimmering altar of Xom.
    44 | D        | Found a basalt altar of Yredelemnul.
    45 | D        | Found a viscous altar of Jiyva.
    45 | D        | Found a bloodstained altar of Trog.
    45 | D        | Found an ornate altar of the Wu Jian Council.
    67 | D        | Found an iron altar of Okawaru.
    67 | D        | Found a shadowy altar of Dithmenos.
    67 | D        | Found a glowing silver altar of Zin.
    68 | D        | Found an ancient bone altar of Kikubaaqudgha.
    68 | D        | Found a hide-covered altar of Uskayaw.
    69 | D        | Found a stormy altar of Qazlal.
    69 | D        | Found a white marble altar of Elyvilon.
    69 | D        | Found a glowing golden altar of the Shining One.
    70 | D        | Found a corrupted altar of Lugonu.
    70 | D        | Found a radiant altar of Vehumet.
    80 | D        | Reached skill level 4 in Axes
    80 | D        | Reached skill level 1 in Evocations
    80 | D        | Reached XP level 5. HP: 4/52 MP: 1/4
    82 | D        | Became a worshipper of Warmaster Okawaru
   403 | D        | Reached skill level 5 in Axes
   405 | D        | Reached XP level 6. HP: 25/62 MP: 5/5
   422 | D        | Found Rican's Armour Shop.
   422 | D        | Found Utsihel's Jewellery Emporium.
   598 | D        | Noticed a burning bush
   598 | D        | Noticed a wandering mushroom
   599 | D        | Noticed a wandering mushroom
   606 | D        | Reached skill level 6 in Axes
  1060 | D        | Killed a wandering mushroom
  1060 | D        | Reached * piety under Okawaru
  1061 | D        | Reached skill level 7 in Axes
  1061 | D        | Reached skill level 1 in Dodging
  1197 | D        | Killed a burning bush
  1198 | D        | Reached skill level 8 in Axes
  1198 | D        | Reached skill level 10 in Armour
  1198 | D        | Reached skill level 1 in Stealth
  1198 | D        | Reached XP level 7. HP: 55/71 MP: 6/6
  1202 | D        | Found Macs's Antique Weapon Shoppe.
  1203 | D        | Found Wusommus's Antique Armour Emporium.
  1265 | D        | Reached skill level 9 in Axes
  1414 | D        | Noticed a queen bee
  1418 | D        | Reached skill level 10 in Fighting
  1424 | D        | Reached skill level 10 in Axes
  1425 | D        | Reached ** piety under Okawaru
  1429 | D        | Killed a queen bee
  1430 | D        | Reached XP level 8. HP: 80/80 MP: 3/7
  1572 | D        | Noticed an oklob plant
  1579 | D        | Killed an oklob plant
  1580 | D        | Reached skill level 11 in Axes
  1580 | D        | Reached skill level 5 in Evocations
  1596 | D        | Noticed a burning bush
  1606 | D        | Killed a burning bush
  1606 | D        | Reached *** piety under Okawaru
  1607 | D        | Reached skill level 12 in Axes
  1607 | D        | Reached skill level 1 in Invocations
  1718 | D        | Noticed a burning bush
  1718 | D        | Noticed an oklob plant
  1719 | D        | Noticed a wandering mushroom
  1722 | D        | Killed a burning bush
  1727 | D        | Killed a wandering mushroom
  1728 | D        | Reached skill level 13 in Axes
  1728 | D        | Reached XP level 9. HP: 77/89 MP: 0/8
  1735 | D        | Killed an oklob plant
  1735 | D        | Reached **** piety under Okawaru
  1736 | D        | Reached skill level 10 in Shields
  1836 | D        | Noticed a spriggan druid
  1842 | D        | Killed a spriggan druid
  1843 | D        | Reached skill level 14 in Axes
  1895 | D        | Noticed an oklob plant conjurer
  1904 | D        | Killed an oklob plant conjurer
  2263 | D        | Noticed an oklob plant
  2263 | D        | Noticed an oklob plant summoner
  2264 | D        | Noticed an oklob plant shifter
  2271 | D        | Killed an oklob plant
  2272 | D        | Reached skill level 15 in Axes
  2272 | D        | Reached skill level 5 in Stealth
  2275 | D        | Killed an oklob plant shifter
  2281 | D        | Killed an oklob plant summoner
  2281 | D        | Reached ***** piety under Okawaru
  2282 | D        | Reached XP level 10. HP: 29/97 MP: 1/10
  2654 | D        | Noticed a spriggan rider
  2660 | D        | Reached skill level 16 in Axes
  2675 | D        | Found Isesed's General Store.
  2679 | D        | Found Boxaijunt's General Store.
  2982 | D        | Noticed Agnes
  2984 | D        | Found Coira's Magic Scroll Emporium.
  2984 | D        | Noticed a spriggan berserker
  2989 | D        | Slain by Agnes

Illustrated notes

Levels and vault maps discovered:
D:        dungeon_sprint_fedhas [sprint_temple]

Skill      XL: |  1  2  3  4  5  6  7  8  9 10 |
---------------+-------------------------------+-----
Fighting       | 4 6 7 8 9 10 11 12 | 12.2
Armour         | 4 6 7 8 10 11 12 13 | 13.1
Shields        | 4 6 7 8 9 10 | 10.6
Axes           | 3 4 5 8 10 13 15 16 | 16.2
Evocations     | 1 2 4 5 8 |  8.5
Dodging        | 1 2 3 4 |  4.1
Stealth        | 1 2 3 5 |  5.9
Invocations    | 1 2 |  2.9

Action                   |  1- 3 |  4- 6 |  7- 9 | 10-12 || total
-------------------------+-------+-------+-------+-------++-------
Melee: War axe           |     5 |    56 |    59 |    29 ||   149
       Headbutt          |       |    15 |    16 |     7 ||    38
Invok: Heroism           |       |       |     5 |     2 ||     7
 Abil: Evoke Invisibilit |     1 |     2 |     7 |     1 ||    11
  Use: Potion            |     1 |     1 |     1 |       ||     3
       Scroll            |     1 |       |       |       ||     1
 Stab: Invisible         |       |     1 |     8 |       ||     9
Armor: Scale mail        |     2 |     6 |       |       ||     8
       Chain mail        |       |       |    12 |     7 ||    19
Dodge: Dodged            |     2 |    16 |    14 |     8 ||    40
Block: Buckler           |     1 |    10 |    10 |     8 ||    29
